 Dungeon Sprint DCSS version 0.23-a0-650-ga4d50d4 (webtiles) character file.

24822 Leeroy the Barachian Blade (level 13, 0/79 HPs)
             Began as a Barachi Ice Elementalist on Jan 5, 2019.
             Was the Champion of Qazlal.
             Killed from afar by a storm dragon (6 damage)
             ... with a bolt of lightning
             ... in the Dungeon (Sprint V: "Ziggurat Sprint").
             The game lasted 00:15:37 (1721 turns).

Leeroy the Barachian Blade (BaIE)                   Turns: 1721, Time: 00:15:38

Health: 0/79       AC: 28    Str: 21    XL:     13   Next: 15%
Magic:  18/25      EV: -1    Int: 21    God:    Qazlal [******]
Gold:   0          SH: 33    Dex: 13    Spells: 5/16 levels left

rFire    . . .     SeeInvis .   H - +7 Screaming Sword {slice, sonic wave}
rCold    . . .     Gourm    .   L - +18 shield of the Gong {rElec rN+ MR+ EV-5}
rNeg     + . .     Faith    .   K - +15 Maxwell's patent armour {-Cast -Tele rElec MR+ rCorr}
rPois    .         Spirit   .   (no helmet)
rElec    +         Reflect  .   S - +2 cloak {MR+}
rCorr    +         Harm     .   (no gloves)
MR       +++..     NoTele   +   (no boots) Stlth ..........NoCast +
                                (no amulet)
HPRegen  0.23/turn              y - +6 ring of strength
MPRegen  0.19/turn              z - +6 ring of strength

@: protected from electricity, can't hop, repel missiles, slow
A: +LOS, swims, slowness 1, strong legs 2
a: Hop, Upheaval, Elemental Force, Disaster Area, Renounce Religion


You were in the Dungeon.
You worshipped Qazlal.
Qazlal was exalted by your worship.
You were not hungry.

You visited 1 branch

Inventory:

Hand Weapons
 H - the +7 Screaming Sword (weapon) {slice, sonic wave}
   (You found it in the Dungeon)

   It inflicts extra damage upon your enemies.
 I - the +11 plutonium sword {*Contam Stlth-}
   (You found it in the Dungeon)

   It causes magical contamination when unequipped.
   It makes you less stealthy.
 J - the +9 sword of Zonguldrok {reap}
   (You found it in the Dungeon)

   If a monster killed with it leaves a corpse in good enough shape, the corpse
   will be animated as a zombie friendly to the killer.
 O - the +11 quarterstaff of Extremism {flame, *Contam rF+ rC+++ rN+}
   (You found it in the Dungeon)

   It has been specially enchanted to burn those struck by it, causing extra
   injury to most foes and up to half again as much damage against particularly
   susceptible opponents.
   It protects you from fire.
   It renders you almost immune to cold.
   It protects you from negative energy.
   It causes magical contamination when unequipped.
 P - a +5 triple sword of slicing
 V - a +4 scimitar of flaming
 X - the +3 sling "Punk" {acid, rCorr}
   (You found it in the Dungeon)

   It provides partial protection from all sources of acid and corrosion.
 Y - a +4 great sword of holy wrath
 Z - the +1 morningstar of Gaokhlapi {crush, rPois Dex+4}
   (You found it in the Dungeon)

   It inflicts extra damage upon your enemies.
   It affects your dexterity (+4).
   It protects you from poison.
Armour
 K - the +15 Maxwell's patent armour (worn) {-Cast -Tele rElec MR+ rCorr}
   (You found it in the Dungeon)

   It insulates you from electricity.
   It affects your resistance to hostile enchantments.
   It prevents spellcasting.
   It prevents most forms of teleportation.
   It provides partial protection from all sources of acid and corrosion.
 L - the +18 shield of the Gong (worn) {rElec rN+ MR+ EV-5}
   (You found it in the Dungeon)

   It affects your evasion (-5).
   It insulates you from electricity.
   It protects you from negative energy.
   It affects your resistance to hostile enchantments.
 M - +5 fire dragon scales
 N - +5 ice dragon scales
 Q - a +2 large shield of positive energy
 S - a +2 cloak of magic resistance (worn)
Magical Staves
 D - an uncursed staff of energy
 R - an uncursed staff of wizardry
Jewellery
 l - an uncursed amulet of rage
 v - a +6 ring of dexterity
 w - a +6 ring of intelligence
 x - a +6 ring of intelligence
 y - a +6 ring of strength (left hand)
 z - a +6 ring of strength (right hand)
 F - an uncursed ring of flight
 U - an uncursed amulet of rage
Wands
 A - a wand of disintegration (7)
 B - a wand of iceblast (7)
 C - a wand of acid (7)
Scrolls
 i - 4 scrolls of blinking
 o - 4 scrolls of amnesia
 p - 8 scrolls of fog
 q - a scroll of holy word
 r - 5 scrolls of identify
 s - 5 scrolls of remove curse
 t - a scroll of fear
Potions
 b - 2 potions of brilliance
 d - 10 potions of curing
 e - 3 potions of heal wounds
 f - 6 potions of haste
 g - 7 potions of magic
 h - 2 potions of berserk rage
 j - 2 potions of invisibility
 k - 4 potions of resistance
 m - 7 potions of agility
 n - 5 potions of might
Miscellaneous
 a - a box of beasts
 u - a fan of gales
 E - a crystal ball of energy
 G - a lightning rod (4/4)
 T - 3 phantom mirrors
 W - 2 sacks of spiders
Comestibles
 c - 6 rations


   Skills:
 + Level 22.1 Long Blades
 - Level 1.0 Maces & Flails
 - Level 2.1 Dodging
 - Level 1.7 Stealth
 - Level 2.1 Spellcasting
 - Level 5.0 Conjurations
 - Level 13.6 Ice Magic
 + Level 17.7 Invocations


You had 5 spell levels left.
You knew the following spells:

 Your Spells              Type           Power        Failure   Level  Hunger
a - Freeze                Ice            ####         12%         1    #......
b - Throw Icicle          Conj/Ice       #####...     100%        4    #####..
c - Bolt of Cold          Conj/Ice       #####.....   100%        6    #######

Your spell library contained the following spells:

 Spells                   Type           Power        Failure   Level  Hunger
 Throw Frost              Conj/Ice       #####.       73%         2    ##.....
 Ozocubu's Armour         Chrm/Ice       ####....     99%         3    ###....
 Ice Form                 Ice/Tmut       ####....     100%        4    #####..
 Summon Ice Beast         Ice/Summ       ####....     100%        4    #####..
 Summon Lightning Spire   Summ/Air       #.......     100%        4    #####..
 Metabolic Englaciation   Hex/Ice        ####......   100%        5    ######.
 Silence                  Hex/Air        #.........   100%        5    ######.
 Conjure Ball Lightning   Conj/Air       ##........   100%        6    #######
 Deflect Missiles         Chrm/Air       #.........   100%        6    #######
 Freezing Cloud           Conj/Ice/Air   ####......   100%        6    #######
 Ozocubu's Refrigeration  Ice            ######....   100%        6    #######
 Poison Arrow             Conj/Pois      ##........   100%        6    #######
 Simulacrum               Ice/Necr       ####......   100%        6    #######
 Chain Lightning          Conj/Air       ##........   100%        8    #######
 Lehudib's Crystal Spear  Conj/Erth      ##........   100%        8    #######
 Fire Storm               Conj/Fire      ##........   100%        9    #######
 Glaciate                 Conj/Ice       #####.....   100%        9    #######
 Tornado                  Air            #.........   100%        9    #######


Dungeon Overview and Level Annotations

Branches:
Dungeon (1/1)

Altars:
Ashenzari
Cheibriados
Dithmenos
Elyvilon
Fedhas
Gozag
Hepliaklqana
Kikubaaqudgha
Makhleb
Nemelex Xobeh
Okawaru
Qazlal
Ru
Sif Muna
Trog
Uskayaw
Vehumet
Wu Jian
Xom
Yredelemnul
Zin
The Shining One
Beogh
Jiyva
Lugonu

Annotations:
D 1 transporter


Innate Abilities, Weirdness & Mutations

Shadows flee at your approach. (+LOS)
You can swim through water.
You cover ground slowly.
You can hop long distances.


Message History

The air elemental is engulfed in freezing vapours.
You block the air elemental's attack.
BONNNG!
The air elemental is engulfed in blazing flames.
You block the air elemental's attack.
BONNNG!
The storm dragon breathes lightning at you.
The bolt of lightning hits you! You resist.
* * * LOW HITPOINT WARNING * * *
The air elemental is engulfed in freezing vapours.
The air elemental hits you but does no damage.
The storm dragon breathes lightning at you.
The bolt of lightning hits the titan.
The titan completely resists.
The bolt of lightning hits the storm dragon.
The storm dragon completely resists.
The bolt of lightning hits you! You resist.
You feel more protected from electricity.
* * * LOW HITPOINT WARNING * * *
The bolt of lightning hits you! You resist.
You die...

▓.▓.))..▓.▓.).....▓
▓....©)...▓.÷.©...▓
▓▓▓▓▓▓▓▓▓▓▓▓▓▓▓▓▓▓▓▓▓
▓...8©8...▓...8©8)..▓
▓..}:|))..▓..}=[))..▓
▓..)≈..|..▓....)....▓
▓...)[≈°☼○▓....[....▓
▓.....§DE.▓.........▓
▓...D.CD@§▓.)..)....▓
▓......E§.▓)........▓
▓.........▓)▓).)..▓.▓
▓.▓.....▓.▓((..©....▓
▓....©....▓▓▓▓▓▓▓▓▓▓▓
▓▓▓▓▓▓▓▓▓▓▓


You could see a titan, 3 storm dragons and 2 air elementals.

Vanquished Creatures
  A deep elf annihilator (D)
  A spriggan air mage (D)
  4 dancing weapons (D)
  A hell hog (D)
  5 deep elf knights (D)
  A spriggan druid (D)
  3 deep elf archers (D)
  7 deep elf magi (D)
  2 efreet (D)
  3 rime drakes (D)
  A wind drake (shapeshifter) (D)
  A jumping spider (D)
  A hornet (D)
  3 spriggans (D)
  An air elemental (D)
  2 water elementals (D)
  A fire elemental (D)
  2 insubstantial wisps (D)
  2 hell hounds (D)
  2 black bears (D)
  An eye of draining (shapeshifter) (D)
  2 wolves (D)
  An earth elemental (D)
  3 scorpions (D)
  A quasit (D)
  An iron imp (D)
  2 ufetubi (D)
55 creatures vanquished.

Vanquished Creatures (others)
  A spriggan air mage (D)
  A dancing weapon (D)
  A deep elf mage (D)
  A water elemental (D)
4 creatures vanquished.

Grand Total: 59 creatures vanquished

Notes
Turn   | Place    | Note
-------+----------+-------------------------------------------
     0 | D        | Found the +6 Majin-Bo {vamp, Archmagi MP+6 Int+6}
     0 | D        | Found the +7 great mace "Firestarter" {inner flame, rF++}
     0 | D        | Leeroy the Barachi Ice Elementalist began the quest for the
                  | Orb.
     0 | D        | Reached XP level 1. HP: 13/13 MP: 3/3
     0 | D        | Found a transporter.
     0 | D        | Found an ancient bone altar of Kikubaaqudgha.
     0 | D        | Found a viscous altar of Jiyva.
     0 | D        | Found a corrupted altar of Lugonu.
     0 | D        | Found a hazy altar of Hepliaklqana.
     0 | D        | Found a burning altar of Makhleb.
     0 | D        | Found an opulent altar of Gozag.
    22 | D        | Found the +9 heavy crossbow "Sniper" {velocity, Acc+∞ SInv}
    22 | D        | Found the +10 dark maul {crush}
    22 | D        | Found the +15 Maxwell's patent armour {-Cast -Tele rElec
                  | MR+ rCorr}
    22 | D        | Found the +18 shield of the Gong {rElec rN+ MR+ EV-5}
    22 | D        | Found the cursed +14 obsidian axe {chop, +Fly SInv *Curse}
    24 | D        | Found the +6 shillelagh "Devastator" {shatter}
    24 | D        | Found the +11 plutonium sword {*Contam Stlth-}
    24 | D        | Found the +8 lance "Wyrmbane" {slay drac, rPois rF+ rC+
                  | AC+3}
    24 | D        | Found the +9 sword of Zonguldrok {reap}
    24 | D        | Found the cursed +13 scythe of Curses {drain, *Curse}
    24 | D        | Found the +0 sword of Power
    24 | D        | Found the +7 mace of Variability {chain chaos}
    24 | D        | Found the +7 Singing Sword {slice, sonic wave}
    24 | D        | Found the +7 longbow "Piercer" {penet, EV-2}
    75 | D        | Became a worshipper of Qazlal Stormbringer
    83 | D        | Entered arena 2.
    83 | D        | Noticed a spriggan
    83 | D        | Noticed a black bear
    83 | D        | Found a transporter.
   109 | D        | Killed a spriggan
   109 | D        | Reached skill level 12 in Long Blades
   109 | D        | Reached XP level 2. HP: 3/19 MP: 5/5
   109 | D        | Reached XP level 3. HP: 3/24 MP: 6/6
   109 | D        | Reached XP level 4. HP: 4/30 MP: 7/7
   109 | D        | Reached XP level 5. HP: 5/35 MP: 8/8
   111 | D        | Killed a black bear
   111 | D        | Reached skill level 13 in Long Blades
   111 | D        | Reached XP level 6. HP: 6/41 MP: 9/9
   476 | D        | Entered arena 3.
   476 | D        | Noticed a rime drake
   476 | D        | Noticed a rime drake
   476 | D        | Noticed a rime drake
   476 | D        | Found a transporter.
   481 | D        | Killed a rime drake
   481 | D        | Reached * piety under Qazlal
   481 | D        | Reached skill level 16 in Long Blades
   481 | D        | Reached XP level 7. HP: 44/46 MP: 10/10
   490 | D        | Killed a rime drake
   490 | D        | Reached skill level 17 in Long Blades
   499 | D        | Killed a rime drake
   499 | D        | Reached skill level 18 in Long Blades
   499 | D        | Reached XP level 8. HP: 23/52 MP: 11/11
   520 | D        | Learned a level 4 spell: Throw Icicle
   719 | D        | Entered arena 4.
   719 | D        | Noticed a jumping spider
   719 | D        | Found a transporter.
   722 | D        | Reached ** piety under Qazlal
   722 | D        | Reached skill level 1 in Invocations
   723 | D        | Reached skill level 19 in Long Blades
   727 | D        | Killed a jumping spider
   747 | D        | Learned a level 6 spell: Bolt of Cold
   748 | D        | Entered arena 5.
   748 | D        | Found a transporter.
   749 | D        | Reached *** piety under Qazlal
   767 | D        | Got the cursed +3 great sword of Xeemout {slice, Fragile
                  | +Inv rElec rN+}
   774 | D        | Entered arena 6.
   774 | D        | Noticed a deep elf annihilator
   774 | D        | Noticed a deep elf mage
   774 | D        | Noticed a deep elf archer
   774 | D        | Noticed a deep elf mage
   774 | D        | Noticed a deep elf knight
   774 | D        | Found a transporter.
   775 | D        | Found the +3 sling "Punk" {acid, rCorr}
   777 | D        | Killed a deep elf mage
   777 | D        | Reached **** piety under Qazlal
   777 | D        | Reached XP level 9. HP: 30/57 MP: 12/12
   778 | D        | Killed a deep elf knight
   780 | D        | Killed a deep elf mage
   780 | D        | Reached skill level 10 in Invocations
   784 | D        | Killed a deep elf archer
   792 | D        | Killed a deep elf annihilator
   792 | D        | Reached ***** piety under Qazlal
   792 | D        | Reached XP level 10. HP: 43/63 MP: 13/19
   936 | D        | Entered arena 7.
   936 | D        | Noticed a spriggan rider
   936 | D        | Noticed a spriggan druid
   936 | D        | Found a transporter.
   951 | D        | Killed a spriggan druid
   968 | D        | Got the +1 morningstar of Gaokhlapi {crush, rPois Dex+4}
   976 | D        | Entered arena 8.
   976 | D        | Noticed a hell hog
   976 | D        | Found a transporter.
   983 | D        | Reached ****** piety under Qazlal
   987 | D        | Reached skill level 15 in Invocations
   989 | D        | Killed a hell hog
   989 | D        | Reached skill level 1 in Maces & Flails
   989 | D        | Reached XP level 11. HP: 67/68 MP: 20/22
  1214 | D        | Entered arena 9.
  1214 | D        | Noticed a deep elf mage
  1214 | D        | Noticed a deep elf archer
  1214 | D        | Noticed a deep elf mage
  1214 | D        | Noticed a deep elf knight
  1214 | D        | Noticed a +1 mace of holy wrath
  1214 | D        | Noticed a deep elf mage
  1214 | D        | Found a transporter.
  1221 | D        | Killed a deep elf knight
  1222 | D        | Killed a deep elf mage
  1225 | D        | Killed a deep elf mage
  1225 | D        | Reached skill level 10 in Ice Magic
  1232 | D        | Killed a +1 mace of holy wrath
  1233 | D        | Killed a deep elf mage
  1234 | D        | Killed a deep elf archer
  1250 | D        | Got the +11 quarterstaff of Extremism {flame, *Contam rF+
                  | rC+++ rN+}
  1444 | D        | Entered arena 10.
  1444 | D        | Noticed a deep elf mage
  1444 | D        | Noticed a +3 hand axe of draining
  1444 | D        | Noticed a deep elf mage
  1444 | D        | Noticed a +1 hand axe of venom
  1444 | D        | Found a transporter.
  1447 | D        | Killed a deep elf mage
  1448 | D        | Killed a +1 hand axe of venom
  1456 | D        | Killed a +3 hand axe of draining
  1456 | D        | Reached skill level 20 in Long Blades
  1458 | D        | Killed a deep elf mage
  1521 | D        | Reached skill level 5 in Conjurations
  1521 | D        | Reached XP level 12. HP: 65/74 MP: 24/24
  1543 | D        | Entered arena 11.
  1543 | D        | Noticed a deep elf knight
  1543 | D        | Noticed a deep elf knight
  1543 | D        | Noticed a deep elf knight
  1543 | D        | Found a transporter.
  1544 | D        | Identified the +7 lajatang of Focsouru {vamp, MP+9 Dex+5}
  1546 | D        | Killed a deep elf knight
  1561 | D        | Killed a deep elf knight
  1571 | D        | Reached skill level 21 in Long Blades
  1571 | D        | Gained mutation: You can hop long distances. [Barachi
                  | growth]
  1571 | D        | Reached XP level 13. HP: 49/79 MP: 25/25
  1713 | D        | Entered arena 12.
  1713 | D        | Noticed a storm dragon
  1713 | D        | Noticed a storm dragon
  1713 | D        | Noticed a titan
  1713 | D        | Noticed a storm dragon
  1715 | D        | Found a transporter.
  1716 | D        | Reached skill level 22 in Long Blades
  1721 | D        | Killed from afar by a storm dragon

Vault maps used:
D:        sprint_v

Skill      XL: |  1  2  3  4  5  6  7  8  9 10 11 12 13 |
---------------+----------------------------------------+-----
Long Blades    | 12 13 16 18 19 20 21 22 | 22.1
Invocations    | 4 12 15 16 17 | 17.7
Ice Magic      | 8 13 | 13.6
Maces & Flails | 1 |  1.0
Conjurations   | 5 |  5.0
Dodging        | |  2.1
Stealth        | |  1.7
Spellcasting   | |  2.1

Action                   |  1- 3 |  4- 6 |  7- 9 | 10-12 | 13-15 || total
-------------------------+-------+-------+-------+-------+-------++-------
Melee: Demon blade       |    24 |     3 |    18 |       |       ||    45
       Double sword      |       |       |    26 |   101 |     5 ||   132
Invok: Upheaval          |       |       |       |     1 |     2 ||     3
 Abil: Hop               |       |       |       |       |     1 ||     1
Evoke: Lightning rod     |     1 |     5 |     9 |     5 |       ||    20
  Use: Potion            |       |       |     1 |     5 |     3 ||     9
       Scroll            |       |       |       |     1 |     1 ||     2
  Eat: Ration            |       |       |       |     1 |       ||     1
Armor: Plate armour      |    64 |     2 |    23 |    59 |     9 ||   157
Dodge: Dodged            |     1 |       |       |     1 |       ||     2
Block: Shield            |    64 |     8 |    62 |   138 |    31 ||   303

Table legend:
 A = Non-vault XP
 B = Vault XP
 C = Vault XP percentage of total XP
 D = Non-vault monster count
 E = Vault monster count
 F = Vault count percentage of total count
                 A         B        C        D         E       F
            +---------+---------+-------+---------+---------+-------
      Total |     276 |   23041 |  98.8 |       1 |      57 |  98.3
            +---------+---------+-------+---------+---------+-------
          D |     276 |   23041 |  98.8 |       1 |      57 |  98.3
            +---------+---------+-------+---------+---------+-------
